 Dungeon Crawl Stone Soup version 0.27.0-65-ge2af304b15 (webtiles) character file.

Game seed: 18222399487450187603

280 tovald2 the Slasher (level 6, -2/41 HPs)
             Began as a Demonspawn Warper on Aug 19, 2021.
             Slain by a kobold brigand (7 damage)
             ... in a sewer.
             The game lasted 00:06:34 (3055 turns).

tovald2 the Slasher (Demonspawn Warper)             Turns: 3055, Time: 00:06:35

Health: -2/41      AC:  8    Str: 12 (13) XL:     6   Next: 5%
Magic:  10/10      EV:  7    Int: 12 (15) God:
Gold:   132        SH:  0    Dex: 11 (14) Spells: 5/10 levels left

rFire    . . .     SeeInvis .   l - +3 long sword
rCold    . . .     Faith    .   (no shield)
rNeg     . . .     Spirit   .   m - +0 chain mail
rPois    .         Reflect  .   (helmet restricted)
rElec    .         Harm     .   (no cloak)
rCorr    .         Rampage  .   (no gloves)
Will     .....                  (no boots)
Stlth    ..........             (no amulet)
HPRegen  0.13/turn              (no ring)
MPRegen  0.12/turn              (no ring)

@: mighty
A: hooves 1, demonic guardian 3, sturdy frame 1, beak, frail 1, strong 1
a: no special abilities


You were in a sewer.
You visited 1 branch of the dungeon, and saw 4 of its levels.
You also visited: Sewer.

You collected 132 gold pieces.

Inventory:

Hand Weapons
 l - a +3 long sword (weapon)
Missiles
 d - 5 boomerangs of dispersal (quivered)
Armour
 f - a +0 ring mail
 m - a +0 chain mail (worn)
Jewellery
 g - a ring of wizardry
Scrolls
 a - 2 scrolls of immolation
 b - 5 scrolls of identify
 c - a scroll of blinking
 e - a scroll of teleportation {unknown}
 i - a scroll of enchant weapon {unknown}
 k - a scroll of fear {unknown}
 q - a scroll of amnesia {unknown}
Potions
 p - a potion of mutation


   Skills:
 * Level 2.9 Fighting
 * Level 3.6 Long Blades
 - Level 0.8 Throwing
 + Level 1.7 Armour
 * Level 2.5 Dodging
 * Level 2.8 Spellcasting
 * Level 3.5 Translocations


You had 5 spell levels left.
You knew the following spells:

 Your Spells              Type           Power      Damage    Failure   Level
a - Blink                 Tloc           N/A        N/A       83%         2
b - Teleport Other        Tloc           10%        N/A       96%         3

Your spell library contained the following spells:

 Spells                   Type           Power      Damage    Failure   Level
 Gell's Gravitas          Tloc           5%         N/A       96%         3
 Lesser Beckoning         Tloc           5%         N/A       96%         3
 Portal Projectile        Hex/Tloc       10%        N/A       99%         3
 Call Canine Familiar     Summ           1%         N/A       100%        3
 Leda's Liquefaction      Hex/Erth       0%         N/A       100%        4
 Manifold Assault         Tloc           10%        N/A       100%        5


Dungeon Overview and Level Annotations

Branches:
Dungeon (4/15)              Sewer (1/1)
 Temple: D:4-7

Altars:

Shops:
D:2 [


Innate Abilities, Weirdness & Mutations

You have large cloven feet.
A powerful demonic guardian rushes to your aid.
Your movements are slightly less encumbered by armour. (ER -2)
You have a beak for a mouth.
You are frail. (-10% HP)
Your muscles are strong. (Str +2)


Message History

You feel sick.
You closely miss the kobold brigand.
You feel sick.
The kobold brigand hits you but does no damage.
You slash the kobold brigand!
You kick the kobold brigand, but do no damage.
The kobold brigand is moderately wounded.
You feel yourself slow down.
You feel sick.
You feel sick.
The kobold hits you with a +0 short sword.
The kobold brigand hits you but does no damage.
The kobold hits you but does no damage.
There is a large open door, spattered with blood here.
You see here a +0 club.
You feel sick.
The kobold brigand hits you with a +0 dagger!
You closely miss the kobold brigand. Your kick misses the kobold brigand.
The kobold brigand is moderately wounded.
You feel sick.
The kobold hits you with a +0 short sword.
The kobold brigand splashes around in the water.
The kobold hits you but does no damage.
You closely miss the kobold brigand.
The kobold brigand is moderately wounded.
You feel sick.
You are no longer poisoned.
The kobold brigand hits you with a +0 dagger.
* * * LOW HITPOINT WARNING * * *
You closely miss the kobold brigand. Your kick misses the kobold brigand.
The kobold brigand is moderately wounded.
The kobold brigand closely misses you.
You feel very mighty all of a sudden.
The kobold brigand hits you but does no damage.
The kobold brigand hits you with a +0 whip!
* * * LOW HITPOINT WARNING * * *
A demonic guardian appears!
You hit the kobold brigand.
The kobold brigand is moderately wounded.
The kobold brigand hits you with a +0 dagger!
You die...

###...≈≈#≈≈≈≈≈≈≈....P
##..≈P#≈≈≈#≈≈≈.....
##....#≈≈≈#P≈P....#
#.....#≈≈≈#≈....P.#
#.....#≈≈≈#P......#
#..≈≈P#≈≈≈#.......#
#3..≈≈#≈≈≈#≈P≈...##
#.KP≈P#≈≈≈#≈≈≈...#
#.@K≈≈≈≈≈≈#≈≈).###
###K'##≈≈≈##')##
#)K..#≈≈≈#....#
#)...# ###....#
#.!∩.# #.∩..# #....#
#....# ###### ######


You could see 2 kobold brigands, 2 kobolds and a friendly smoke demon
(summoned).

Vanquished Creatures
  A kobold brigand (Sewer)
  A scorpion (D:2)
  A river rat (D:4)
  4 adders
  A worm (D:3)
  4 dart slugs
  An orc (D:4)
  8 ball pythons
  10 endoplasms
  7 giant cockroaches
  2 goblins
  5 hobgoblins
  8 jackals
  6 kobolds
  3 quokkas
  4 bats
  8 frilled lizards
  4 rats
78 creatures vanquished.

Vanquished Creatures (collateral kills)
  2 adders (D:4)
  A ball python (D:4)
  A rat (D:4)
4 creatures vanquished.

Vanquished Creatures (others)
  A fungus (Sewer)
1 creature vanquished.

Grand Total: 83 creatures vanquished

Notes
Turn   | Place    | Note
-------+----------+-------------------------------------------
     0 | D:1      | tovald2 the Demonspawn Warper began the quest for the Orb.
     0 | D:1      | Reached XP level 1. HP: 16/16 MP: 3/3
   140 | D:1      | Gained mutation: You have large cloven feet. [demonic
                  | ancestry]
   140 | D:1      | Reached XP level 2. HP: 19/22 MP: 5/5
   319 | D:1      | Learned a level 2 spell: Blink
   359 | D:1      | You fall into a shaft and drop 1 floor!
   659 | D:2      | Gained mutation: Your movements are slightly less
                  | encumbered by armour. (ER -2) [demonic ancestry]
   659 | D:2      | Reached XP level 3. HP: 24/27 MP: 6/6
   735 | D:2      | Reached skill level 1 in Armour
   847 | D:1      | Learned a level 3 spell: Teleport Other
  1382 | D:1      | Found a faded altar of an unknown god.
  1649 | D:2      | Gained mutation: A weak demonic guardian rushes to your
                  | aid. [demonic ancestry]
  1649 | D:2      | Reached XP level 4. HP: 32/34 MP: 7/7
  1954 | D:2      | Found Femol's Armour Shop.
  2101 | D:2      | Noticed a scorpion
  2108 | D:2      | Killed a scorpion
  2109 | D:2      | Gained mutation: A demonic guardian rushes to your aid.
                  | [demonic ancestry]
  2109 | D:2      | Reached XP level 5. HP: 20/39 MP: 8/8
  2779 | D:4      | Found a glowing drain.
  2797 | Sewer    | Entered a sewer
  2978 | Sewer    | Gained mutation: A powerful demonic guardian rushes to your
                  | aid. [demonic ancestry]
  2978 | Sewer    | Reached XP level 6. HP: 46/46 MP: 10/10
  2999 | Sewer    | Gained mutation: You have a beak for a mouth. [potion of
                  | mutation]
  2999 | Sewer    | Gained mutation: You are frail. (-10% HP) [potion of
                  | mutation]
  2999 | Sewer    | Gained mutation: Your muscles are strong. (Str +2) [potion
                  | of mutation]
  3055 | Sewer    | Slain by a kobold brigand

Illustrated notes

Levels and vault maps discovered:
D:1:      eino_arrival_tree_alley, layout_loops_ring,
          hellmonk_ecumenical_altar_zigzags, dk_noncrumbling_2,
          corexii_leaking_fountain, minivault_24
D:2:      layout_loops_ring, serial_shops, shop_fountains, minmay_distorted
D:3:      layout_rooms
D:4:      layout_loops_corners, enter_ossuary_2, portal_sewer_entry_c
Sewer:    kennysheep_pipe_town

Skill      XL: |  1  2  3  4 |
---------------+-------------+-----
Translocations | 3 |  3.5
Long Blades    | 2 3 |  3.6
Armour         | 1 |  1.7
Dodging        | 2 |  2.5
Fighting       | |  2.9
Throwing       | |  0.8
Spellcasting   | |  2.8

Action                   |  1- 3 |  4- 6 || total
-------------------------+-------+-------++-------
Melee: Falchion          |   112 |       ||   112
       Kick              |    17 |    16 ||    33
       Long sword        |       |   101 ||   101
  Use: Scroll            |       |     2 ||     2
       Potion            |       |     5 ||     5
 Stab: Sleeping          |     1 |       ||     1
Armor: Leather armour    |    11 |       ||    11
       Ring mail         |    25 |    14 ||    39
       Chain mail        |       |    55 ||    55
Dodge: Dodged            |    85 |    53 ||   138
       Rpst.: Falchion   |    28 |       ||    28
       Long sword        |       |    16 ||    16
